 Dungeon Crawl Stone Soup version 0.20.0-8-g6b59dc7 (webtiles) character file.

2802 MTVSty1e the Cleaver (level 9, -15/60 HPs)
             Began as a Gargoyle Monk on June 1, 2017.
             Was a Believer of Okawaru.
             Killed from afar by a deep elf mage (32 damage)
             ... with a bolt of magma
             ... in a bailey.
             The game lasted 00:13:46 (6348 turns).

MTVSty1e the Cleaver (Gargoyle Monk)                Turns: 6348, Time: 00:13:52

Health: -15/60     AC: 18    Str: 19    XL:     9   Next: 71%
Magic:  8/9        EV: 11    Int: 12    God:    Okawaru [**....]
Gold:   337        SH:  2    Dex:  8    Spells: 8/8 levels left

rFire    . . .     SeeInvis .   c - +2 hand axe (chop)
rCold    . . .     Gourm    .   y - +0 buckler
rNeg     + . .     Faith    .   o - +0 scale mail
rPois    ∞         Spirit   .   j - +2 helmet
rElec    +         Reflect  .   e - +1 cloak
rCorr    .         Harm     .   m - +0 pair of gloves
MR       +....     Rnd*Tele +   i - +0 pair of boots (curse)
Stlth    +.........             (no amulet)
Regen    0.2/turn               d - ring of protection from magic
MPRegen  0.2/turn               f - ring of stealth

@: no status effects
A: repulsion field 1, blurry vision 1, clumsy 2, negative energy resistance 1,
electricity resistance, strong 1, teleportitis 1, unbreathing, petrification
resistance, rot immunity, subdued magic 1, MP-powered wands, AC +5
a: Heroism, Renounce Religion


You were in a bailey.
You worshipped Okawaru.
Okawaru was pleased with you.
You were not hungry.

You visited 2 branches of the dungeon, and saw 8 of its levels.
You also visited: Bailey.

You collected 337 gold pieces.

Inventory:

Hand Weapons
 a - a +0 hand axe
 c - a +2 hand axe of chopping (weapon)
 n - a +1 spear of venom
 q - the +4 rapier "Lelaynir" {holy, +Inv rPois}
   (You found it on level 4 of the Dungeon)

   It has been blessed by the Shining One to cause great damage to the undead
   and demons.
   It protects you from poison.
   It lets you turn invisible.
 s - the +9 dagger "Enwaos" {speed, rF+, unknown}
   (You found it on level 5 of the Dungeon)

   Attacks with this weapon are significantly faster.
   It protects you from fire.
Armour
 e - a +1 cloak (worn)
 i - a cursed +0 pair of boots (worn)
 j - a +2 helmet (worn)
 m - a +0 pair of gloves (worn)
 o - a +0 scale mail (worn)
 y - a +0 buckler (worn)
Jewellery
 d - a ring of protection from magic (left hand)
 f - a ring of stealth (right hand)
Wands
 z - a wand of random effects (25/48)
Scrolls
 b - 2 scrolls of remove curse
 h - 2 scrolls of magic mapping
 l - 3 scrolls of teleportation
Potions
 p - a potion of mutation {unknown}
 t - a potion of might {unknown}
 w - a potion of lignification {unknown}
 x - a potion of curing {unknown}
Books
 k - a book of Minor Magic

   Spells                             Type                      Level
   a - Magic Dart                     Conjuration                  1
   b - Blink                          Translocation                2
   c - Call Imp                       Summoning                    2
   d - Slow                           Hexes                        2
   e - Conjure Flame                  Conjuration/Fire             3
   f - Mephitic Cloud                 Conjuration/Poison/Air       3
Comestibles
 g - 4 royal jellies
 r - 4 bread rations
 u - 9 fruits
 v - a meat ration


   Skills:
 + Level 8.7 Fighting
 * Level 10.2 Axes
 - Level 2.4 Dodging
 - Level 2.1 Stealth


You had 8 spell levels left.
You didn't know any spells.

Dungeon Overview and Level Annotations

Branches:
Dungeon (7/15)             Temple (1/1) D:5

Altars:
Ashenzari
Dithmenos
Kikubaaqudgha
Okawaru
Ru
Trog
Uskayaw
Vehumet
Xom
Yredelemnul
Zin
The Shining One


Innate Abilities, Weirdness & Mutations

You are resistant to torment.
Your stone body is resilient. (AC +5)
You are immune to poison.
You resist negative energy. (rN+)
You are resistant to electric shocks. (rElec)
You can survive without breathing.
You are immune to petrification.
You are immune to rotting.
You are surrounded by a mild repulsion field. (EV +2)
Scrolls take you a little longer to read.
You are very clumsy. (Dex -4)
Your muscles are strong. (Str +2)
You are occasionally teleported next to monsters.
Your spells are a little easier to cast, but a little less powerful.
You expend magic power (3 MP) to strengthen your wands.


Message History

You are too injured to fight recklessly!
You closely miss the deep elf mage.
The deep elf mage is moderately wounded.
You closely miss the deep elf mage. You hit the deep elf mage.
The deep elf mage is moderately wounded.
You barely miss the deep elf mage.
The deep elf mage gestures at you while chanting.
The stone arrow hits you!
* * * LOW HITPOINT WARNING * * *
The deep elf mage casts a spell.
The deep elf mage gestures wildly while chanting.
There is a gate leading back out of this place here.
The deep elf mage hits you but does no damage.
The deep elf mage mumbles some strange words.
The deep elf mage blinks!
The deep elf mage points at you and mumbles some strange words.
The bolt of magma hits you!
Ouch! That really hurt!
You die...

#####
######...##
##..##..∩..#
#....#.....#
#..).##...##
..
##..##'######.
###...###...##
#.....#.....#
#..@e.#.....#
#..ee.#.....#
##...e#....#
#####'#
#....#§...#
#..E.e Y....#
#..... .E...#
#..... .....#
##...# #...##


You could see an earth elemental, 4 deep elf magi and an ice beast.

Vanquished Creatures
  A deep elf mage (Bailey)
  The ghost of kalagan the Bolt Thrower, a novice HaHu of Uskayaw (D:4)
  Eustachio (D:6)
  The ghost of no0bjke the Archer, an amateur CeHu of Hepliaklqana (D:5)
  3 sky beasts
  2 ogres
  2 phantoms (D:5)
  2 centaurs (D:5)
  A big kobold (D:7)
  A scorpion (D:4)
  A crimson imp (D:5)
  A bullfrog zombie (D:3)
  A hound (D:6)
  A bullfrog skeleton (D:4)
  5 orc priests
  A jelly (D:5)
  Jessica (D:2)
  3 iguanas
  3 orc wizards
  9 worker ants
  2 hound zombies
  Robin (D:4)
  4 gnolls (D:3)
  7 adders
  A shadow imp (D:6)
  An ooze (D:1)
  4 worms
  A dart slug (D:2)
  3 leopard geckos
  24 orcs
  7 giant cockroaches
  9 hobgoblins
  2 jackals (D:2)
  A quokka (D:6)
  2 ball pythons (D:2)
  8 bats
  8 frilled lizards
  20 goblins
  11 kobolds
  A leopard gecko skeleton (D:4)
  3 quokka zombies (D:5)
  12 rats
173 creatures vanquished.

Notes
Turn   | Place    | Note
-------+----------+-------------------------------------------
     0 | D:1      | MTVSty1e the Gargoyle Monk began the quest for the Orb.
     0 | D:1      | Reached XP level 1. HP: 14/14 MP: 1/1
   157 | D:1      | Reached skill level 3 in Axes
   159 | D:1      | Reached XP level 2. HP: 15/19 MP: 2/2
   508 | D:1      | Reached XP level 3. HP: 23/24 MP: 3/3
   852 | D:2      | Found a sacrificial altar of Ru.
   852 | D:2      | Noticed Jessica
   855 | D:2      | Killed Jessica
   855 | D:2      | Reached XP level 4. HP: 29/29 MP: 4/4
   862 | D:2      | Reached skill level 4 in Axes
  1172 | D:2      | Found a shadowy altar of Dithmenos.
  1348 | D:2      | Reached XP level 5. HP: 25/33 MP: 5/5
  1816 | D:3      | Reached skill level 5 in Axes
  2345 | D:3      | Noticed a sky beast
  2366 | D:3      | Killed a sky beast
  2366 | D:3      | Reached XP level 6. HP: 40/40 MP: 6/6
  2532 | D:3      | Reached skill level 5 in Fighting
  2713 | D:4      | Reached skill level 6 in Axes
  2713 | D:4      | Reached XP level 7. HP: 44/44 MP: 7/7
  2765 | D:4      | Noticed kalagan's ghost (novice HaHu)
  2802 | D:4      | Killed kalagan's ghost
  2847 | D:4      | Got a warped rapier
  2849 | D:4      | Identified the +4 rapier "Lelaynir" {holy, +Inv rPois} (You found it on level 4 of the Dungeon)
  2995 | D:4      | Reached skill level 7 in Axes
  3121 | D:4      | Noticed Robin
  3134 | D:4      | Killed Robin
  3147 | D:4      | Reached XP level 8. HP: 42/51 MP: 8/8
  3636 | D:5      | Entered Level 5 of the Dungeon
  3925 | D:5      | Found a staircase to the Ecumenical Temple.
  3926 | D:5      | Noticed no0bjke's ghost (amateur CeHu)
  3939 | D:5      | Killed no0bjke's ghost
  3939 | D:5      | Reached skill level 8 in Axes
  3955 | D:5      | Gained mutation: You are clumsy. (Dex -2) [mutagenic meat]
  3956 | D:5      | Gained mutation: You are surrounded by a mild repulsion field. (EV +2) [mutagenic meat]
  3957 | D:5      | Gained mutation: Your spells are a little easier to cast, but a little less powerful. [mutagenic meat]
  3958 | D:5      | Gained mutation: Your muscles are strong. (Str +2) [mutagenic meat]
  3959 | D:5      | Gained mutation: Scrolls take you a little longer to read. [mutagenic meat]
  3960 | D:5      | Gained mutation: You are very clumsy. (Dex -4) [mutagenic meat]
  4198 | D:5      | Got a slimy dagger
  4487 | D:5      | Reached skill level 9 in Axes
  4487 | D:5      | Reached XP level 9. HP: 57/58 MP: 9/9
  4652 | Temple   | Entered the Ecumenical Temple
  4672 | Temple   | Became a worshipper of Warmaster Okawaru
  4672 | Temple   | Reached * piety under Okawaru
  4672 | Temple   | Reached ** piety under Okawaru
  5400 | D:6      | Noticed Eustachio
  5414 | D:6      | Killed Eustachio
  5512 | D:6      | Gained mutation: You are occasionally teleported next to monsters. [mutagenic meat]
  5514 | D:6      | Gained mutation: You expend magic power (3 MP) to strengthen your wands. [mutagenic meat]
  5918 | D:6      | Found an ancient bone altar of Kikubaaqudgha.
  6234 | D:7      | Found a flagged portal.
  6243 | Bailey   | Entered a bailey
  6252 | Bailey   | Noticed a deep elf mage
  6263 | Bailey   | Killed a deep elf mage
  6263 | Bailey   | Reached skill level 10 in Axes
  6331 | Bailey   | Noticed a deep elf mage
  6333 | Bailey   | Noticed a deep elf mage
  6335 | Bailey   | Noticed a deep elf mage
  6335 | Bailey   | Noticed a deep elf mage
  6336 | Bailey   | Noticed a deep elf mage
  6348 | Bailey   | Killed from afar by a deep elf mage

Skill      XL: |  1  2  3  4  5  6  7  8  9 |
---------------+----------------------------+-----
Axes           | 3 4 5 6 7 9 10 | 10.2
Fighting       | 4 5 6 7 8 |  8.7
Dodging        | |  2.4
Stealth        | |  2.1

Action                   |  1- 3 |  4- 6 |  7- 9 || total
-------------------------+-------+-------+-------++-------
Melee: Hand axe          |    96 |   166 |   377 ||   639
       Spear             |       |    58 |       ||    58
Invok: Heroism           |       |       |     2 ||     2
  Use: Scroll            |       |     4 |     7 ||    11
       Potion            |       |     3 |       ||     3
 Stab: Sleeping          |     5 |     3 |       ||     8
       Invisible         |       |     1 |       ||     1
       Paralysed         |       |     1 |       ||     1
  Eat: Fruit             |       |     2 |       ||     2
       Bread ration      |       |     1 |       ||     1
       Meat ration       |       |       |     3 ||     3
       Chunk             |       |       |    10 ||    10
Armor: Robe              |    27 |       |       ||    27
       Ring mail         |    23 |    22 |       ||    45
       Scale mail        |       |    56 |   166 ||   222
Dodge: Dodged            |    65 |   103 |   156 ||   324
Block: Buckler           |       |       |     8 ||     8
